 Dungeon Crawl Stone Soup version 0.28.0-47-ge53b351184 (webtiles) character file.

Game seed: 12193247764087520583

89 101zpm the Magician (level 4, -6/31 HPs)
             Began as a Djinni Ice Elementalist on Apr 27, 2022.
             Mangled by a gnoll
             ... wielding a +0 flail
              (7 damage)
             ... on level 2 of the Dungeon.
             The game lasted 00:04:21 (2506 turns).

101zpm the Magician (Djinni Ice Elementalist)       Turns: 2506, Time: 00:04:22

Health: -6/31      AC:  6    Str:  9    XL:     4   Next: 84%
Gold:   98         EV: 12    Int: 17    God:
                   SH:  0    Dex: 13

rFire   + + .      SeeInvis .   k - +3 war axe
rCold   x . .      Faith    .   (no shield)
rNeg    . . .      Spirit   .   a - +0 robe
rPois   ∞          Reflect  .   (no helmet)
rElec   .          Harm     .   (no cloak)
rCorr   .          Rampage  .   (no gloves)
Will    +....                   (boots unavailable)
Stlth   ++........              (no amulet)
HPRegen 0.10/turn               c - +4 ring of protection
MPRegen 0.00/turn               h - ring of willpower

@: flying
A: sickness immunity, fire resistance 2, cold vulnerability 1, float, innate
caster, HP casting, extra vitality 1
a: no special abilities


You were on level 2 of the Dungeon.
You visited 1 branch of the dungeon, and saw 3 of its levels.

You collected 98 gold pieces.

Inventory:

Hand Weapons
 k - a +3 war axe (weapon)
Armour
 a - a +0 robe (worn)
Jewellery
 c - a +4 ring of protection (left hand)
 h - a ring of willpower (right hand)
Wands
 l - a wand of iceblast (6)
Scrolls
 d - a scroll of fog {unknown}
 f - a scroll of teleportation {unknown}
 i - a scroll of enchant weapon {unknown}
 j - 3 scrolls of fear {unknown}
Potions
 b - 3 potions of flight {unknown}
 e - 2 potions of resistance {unknown}
 g - a potion of berserk rage {unknown}


   Skills:
 + Level 2.5 Dodging
 + Level 1.8 Stealth
 + Level 4.4 Spellcasting


You couldn't memorise any spells.
You knew the following spells:

 Your Spells              Type           Power      Damage    Failure   Level
a - Freeze                Ice            76%        1d9       2%          1
b - Frozen Ramparts       Ice            38%        1d5       7%          3
c - Ozocubu's Armour      Ice            19%        N/A       7%          3
d - Hailstorm             Conj/Ice       19%        3d6       24%         4
e - Sting                 Tmut/Pois      76%        1d6       2%          1
Your spell library was empty.

Dungeon Overview and Level Annotations

Branches:
Dungeon (3/15)

Altars:
Gozag

Shops:
D:3 (


Innate Abilities, Weirdness & Mutations

You are immune to sickness and miasma.
You are immune to poison.
Your flesh is very heat resistant. (rF++)
You are vulnerable to cold. (rC-)
You float through the air rather than walking.
You learn spells naturally, not from books.
Your magical power is your life essence.
You have superior vitality. (+4 MHP)


Message History

The gnoll hits you from afar with a +0 halberd.
The gnoll barely misses you.
You hit the gnoll.
The gnoll is lightly wounded.
You slash the gnoll! The gnoll hits you with a +0 halberd.
The gnoll barely misses you. The gnoll closely misses you.
You slash the gnoll!
You kill the gnoll!
You hit the gnoll. x2; The gnoll barely misses you.
The gnoll closely misses you. The gnoll hits you with a +0 flail.
You slash the gnoll!
The gnoll is almost dead.
You hit the gnoll but do no damage. The gnoll barely misses you. x2
The gnoll hits you with a +0 club.
You closely miss the gnoll.
The gnoll is almost dead.
You slash the gnoll! The gnoll hits you with a +0 flail!
* * * LOW HITPOINT WARNING * * *
The gnoll hits you with a +0 club.
* * * LOW HITPOINT WARNING * * *
The gnoll misses you. The gnoll hits you but does no damage.
There is a stone staircase leading down here.
You see here a +0 robe.
You barely miss the gnoll.
The gnoll is severely wounded.
The gnoll closely misses you.
You hit the gnoll but do no damage.
The gnoll is severely wounded.
The gnoll hits you but does no damage. The gnoll hits you with a +0 club.
* * * LOW HITPOINT WARNING * * *
You closely miss the gnoll.
The gnoll is severely wounded.
The gnoll hits you but does no damage.
You slash the gnoll!
You kill the gnoll!
You barely miss the gnoll.
The gnoll is almost dead.
The gnoll hits you but does no damage. The gnoll hits you with a +0 flail!
You die...

######## #......##
######.####..######
#.@g[..####.#>.....
#<####.##..###.####
#.........#.#.##
#...##.#.##..##
#...##......## ##
#...)..#.#### #.
#..##..#.# #..
#........# #..
#........# ....


You could see a gnoll.

Vanquished Creatures
  An orc priest (D:3)
  2 gnolls (D:2)
  A worm (D:3)
  A dart slug (D:1)
  6 orcs (D:3)
  2 ball pythons (D:3)
  3 endoplasms
  3 goblins
  A hobgoblin (D:1)
  2 kobolds
  A quokka (D:2)
  4 bats (D:1)
  A frilled lizard (D:2)
  3 rats
31 creatures vanquished.

Notes
Turn   | Place    | Note
-------+----------+-------------------------------------------
     0 | D:1      | 101zpm the Djinni Ice Elementalist began the quest for the
                  | Orb.
     0 | D:1      | Reached XP level 1. HP: 15/15 MP: 0/0
   372 | D:2      | Reached XP level 2. HP: 19/21 MP: 0/0
  1093 | D:1      | Reached XP level 3. HP: 20/25 MP: 0/0
  1093 | D:1      | Learned a level 1 spell: Sting
  1832 | D:3      | Found Tesauf Haera's Weapon Shoppe.
  1838 | D:3      | Reached skill level 4 in Spellcasting
  1838 | D:3      | Reached XP level 4. HP: 22/31 MP: 0/0
  2115 | D:3      | Found an opulent altar of Gozag.
  2196 | D:3      | Found a faded altar of an unknown god.
  2503 | D:2      | HP: 1/31 [gnoll/+0 club (5)]
  2506 | D:2      | Mangled by a gnoll

Illustrated notes

Levels and vault maps discovered:
D:1:      sevenhm_arrival_forest_fort_large_4, layout_basic, serial_aquarium,
          aquarium_bridge_square [aquarium_subvault_wall,
          aquarium_subvault_balcony, aquarium_subvault_bridge,
          aquarium_subvault_wall], aquarium_bridge_square
          [aquarium_subvault_balcony, aquarium_subvault_bridge,
          aquarium_subvault_window, aquarium_subvault_window],
          aquarium_window_1, aquarium_window_2, aquarium_window_corridor_2,
          aquarium_view_2g, minmay_statues_item, kennysheep_pointless_box
D:2:      layout_loops_cross
D:3:      layout_rooms, nicolae_gozag_cash_rules_everything_around_me,
          serial_shops, nicolae_shop_bloodbath_and_beyond,
          shapermc_ecumenical_altar_mp_vishouse, minmay_misc_feat_room

Skill      XL: |  1  2  3 |
---------------+----------+-----
Spellcasting   | 4 |  4.4
Dodging        | |  2.5
Stealth        | |  1.8

Action                   |  1- 3 |  4- 6 || total
-------------------------+-------+-------++-------
Melee: Unarmed           |     2 |       ||     2
       War axe           |       |    15 ||    15
 Cast: Freeze            |    43 |     9 ||    52
Armor: Robe              |    14 |     7 ||    21
Dodge: Dodged            |    26 |    16 ||    42
